 Dungeon Crawl Stone Soup version 0.30.0-29-ga12c61a403 (webtiles) character file.

Game seed: 8677743775083819469

219 cheesebisquit the Chopper (level 5, 0/45 HPs)
             Began as a Ghoul Gladiator on June 7, 2023.
             Slain by a hobgoblin
             ... wielding a +0 long sword
              (10 damage)
             ... on level 4 of the Dungeon.
             The game lasted 00:11:49 (3368 turns).

cheesebisquit the Chopper (Ghoul Gladiator)         Turns: 3368, Time: 00:11:50

Health: 0/45       AC:  6    Str: 18    XL:     5   Next: 96%
Magic:  4/4        EV: 11    Int: 11    God:
Gold:   141        SH:  0    Dex: 10    Spells: 3/4 levels left

rFire   . . .        a - +0 war axe
rCold   + . .        (no shield)
rNeg    + + +        j - +0 ring mail
rPois   ∞            c - +0 helmet
rElec   .            (no cloak)
rCorr   .            (no gloves)
SInv    .            (no boots)
Will    .....        (no amulet)
Stlth   +            d - +6 ring of intelligence
HPRegen 0.00/turn    (no ring)
MPRegen 0.09/turn

%: no passive effects
@: inhibited regen, studying Stealth
A: claws 1, cold resistance 1, negative energy resistance 3, inhibited
regeneration, torment resistance 2, devour on kill
a: no special abilities


You were on level 4 of the Dungeon.
You visited 1 branch of the dungeon, and saw 4 of its levels.

You collected 171 gold pieces.
You spent 30 gold pieces at shops.

Inventory:

Hand Weapons
 a - a +0 war axe (weapon)
Missiles
 e - 6 javelins (quivered)
 i - 2 throwing nets
 r - 5 poisoned darts
Armour
 c - a +0 helmet (worn)
 j - a +0 ring mail (worn)
Jewellery
 d - a +6 ring of intelligence (left claw)
Wands
 s - a wand of charming (6)
Scrolls
 g - a scroll of poison {unknown}
 h - a scroll of immolation {unknown}
 l - 2 scrolls of fear {unknown}
 m - 2 scrolls of noise {unknown}
 n - a scroll of vulnerability {unknown}
 o - 2 scrolls of torment {unknown}
 p - a scroll of blinking {unknown}
Potions
 b - a potion of attraction {unknown}
 f - 4 potions of curing
 k - a potion of flight {unknown}
 q - a potion of resistance {unknown}
 t - a potion of lignification {unknown}


   Skills:
 + Level 3.4 Fighting
 * Level 4.2 Axes
 + Level 1.8 Throwing
 + Level 2.0 Armour
 - Level 2.6 Dodging
 + Level 3.4 Stealth
 + Level 0.1 Spellcasting
 + Level 0.1 Evocations


You had 3 spell levels left.
You knew the following spells:

 Your Spells              Type           Power      Damage    Failure   Level
a - Kiss of Death         Conj/Necr      0%         2d5       52%         1

Your spell library contained the following spells:

 Spells                   Type           Power      Damage    Failure   Level
 Lesser Beckoning         Tloc           0%         N/A       67%         2
 Confusing Touch          Hex            0%         N/A       88%         3
 Gell's Gravitas          Tloc           0%         N/A       88%         3
 Teleport Other           Tloc           0%         N/A       88%         3
 Dispel Undead            Necr           0%         3d6       99%         4


Dungeon Overview and Level Annotations

Branches:
Dungeon (4/15)
 Temple: D:4-7

Altars:
Nemelex Xobeh

Shops:
D:3 !


Innate Abilities, Weirdness & Mutations

You are immune to poison.
You have sharp fingernails.
Your flesh is cold resistant. (rC+)
You are immune to negative energy. (rN+++)
You do not regenerate when monsters are visible.
You are immune to unholy pain and torment.
You thrive by killing the living.


Message History

You slash the kobold!
You kill the kobold!
Your Armour skill increases to level 2!
You miss the quokka. The quokka closely misses you.
The quokka bites you but does no damage.
You slash the quokka!
You kill the quokka!
The jelly misses you.
A hobgoblin comes into view. It is wielding a +0 long sword.
The hobgoblin shouts!
You hit the jelly.
Your claws burn!
The jelly is moderately wounded.
The jelly hits you.
You are splashed with acid!
You slash the jelly!
Your claws burn!
The jelly is almost dead.
The jelly misses you.
You slash the jelly!
You kill the jelly!
You feel better. The iguana bites you!
You hit the iguana.
The iguana is moderately wounded.
The iguana barely misses you.
You closely miss the iguana.
The iguana is moderately wounded.
The iguana bites you.
You feel better. The iguana misses you. The hobgoblin closely misses you.
You closely miss the hobgoblin. You hit the iguana. The iguana misses you.
The hobgoblin hits you with a +0 long sword!
You hit the hobgoblin.
The hobgoblin is heavily wounded.
You hit the iguana but do no damage. The hobgoblin barely misses you.
The iguana bites you but does no damage.
The hobgoblin hits you but does no damage.
The iguana bites you.
You closely miss the hobgoblin.
The hobgoblin is heavily wounded.
You hit the iguana. The iguana bites you!
* * * LOW HITPOINT WARNING * * *
The hobgoblin hits you with a +0 long sword!
You die...

#. .# ... >. ## .# #...
#. # #. .##.$.. ##.#.
....... ...#.###.......
#.....#.....l.
#.#.#.....$... ..
#.#.#l........ #.##
#...@#......!. ...#
###.g#......).
#..#######.........(.
#.####.....##............
#.#......................
#...............#........
#..............(#.......
#..........###........).
#..........###..........


You could see an iguana and a hobgoblin.

Vanquished Creatures
  A jelly (D:4)
  Natasha (thrice) (D:2)
  Robin (D:3)
  2 adders
  A worm (D:2)
  4 dart slugs
  2 bats
  6 endoplasms
  2 giant cockroaches
  12 goblins
  7 hobgoblins
  4 jackals (D:1)
  12 kobolds
  5 quokkas
  4 ball pythons (D:1)
  A frilled lizard (D:2)
  5 rats
72 creatures vanquished.

Notes
Turn   | Place    | Note
-------+----------+-------------------------------------------
     0 | D:1      | cheesebisquit the Ghoul Gladiator began the quest for the
                  | Orb.
     0 | D:1      | Reached XP level 1. HP: 17/17 MP: 0/0
   405 | D:1      | Reached skill level 3 in Axes
   405 | D:1      | Reached XP level 2. HP: 22/25 MP: 1/1
   695 | D:1      | Reached XP level 3. HP: 23/30 MP: 2/2
  1291 | D:2      | Noticed Natasha
  1302 | D:2      | Killed Natasha
  1303 | D:2      | Reached skill level 1 in Armour
  1303 | D:2      | Reached skill level 1 in Stealth
  1364 | D:2      | Noticed Natasha
  1559 | D:2      | Reached XP level 4. HP: 37/37 MP: 3/3
  1673 | D:2      | Killed Natasha
  1840 | D:2      | Learned a level 1 spell: Kiss of Death
  1914 | D:2      | Noticed Natasha
  1924 | D:2      | Killed Natasha
  1925 | D:2      | Reached XP level 5. HP: 27/45 MP: 4/4
  2035 | D:2      | Found a faded altar of an unknown god.
  2049 | D:2      | Reached skill level 4 in Axes
  2402 | D:3      | Found Allaog's Distillery.
  2422 | D:3      | Bought a potion of curing for 30 gold pieces
  2584 | D:3      | Found a sparkling altar of Nemelex Xobeh.
  2945 | D:3      | Noticed Robin
  2962 | D:3      | Killed Robin
  3368 | D:4      | Slain by a hobgoblin

Illustrated notes

Levels and vault maps discovered:
D:1:      dpeg_arrival_water_fire, layout_basic
D:2:      layout_basic, ebering_ecumenical_altar_mist, moated_statue,
          minmay_splitting_lines, minivault_24, serial_bayou_pond_e,
          uniq_natasha
D:3:      layout_basic, nemelex_spade_bored_becter, serial_shops,
          nicolae_shop_industrial_runoff, uniq_robin
D:4:      layout_rooms, lemuel_doored_altar, nrook_campfire,
          nicolae_shop_vocational

Skill      XL: |  1  2  3  4  5 |
---------------+----------------+-----
Axes           | 3 4 |  4.2
Armour         | 1 2 |  2.0
Stealth        | 1 2 3 |  3.4
Fighting       | 3 |  3.4
Throwing       | |  1.8
Dodging        | |  2.6
Spellcasting   | |  0.1
Evocations     | |  0.1

Action                     |  1- 3 |  4- 6 || total
---------------------------+-------+-------++-------
  Melee: War axe           |    89 |   122 ||   211
         Punch             |       |     1 ||     1
  Throw: Throwing net      |     6 |       ||     6
    Use: Potion            |     4 |     3 ||     7
         Scroll            |     2 |     1 ||     3
 Armour: Ring mail         |    48 |    53 ||   101
  Dodge: Dodged            |    56 |    79 ||   135
